| TOP OF THE 1ST |
|
Montreal Expos batting - Pitching for Texas Rangers : RHP Franz Holzknecht
|
|
Pitching: RHP Franz Holzknecht
|
|
|
Batting: LHB Mark Marvin
|
0-0: Ball 1-0: Ball 2-0: Ball 3-0: Called Strike 3-1: Foul Ball, location: 2F 3-2: Foul Ball, location: 2F 3-2: Base on Balls
|
|
Batting: RHB Steve French
|
0-0: Foul Ball, location: 2F 0-1: Foul Ball, location: 2F 0-2: Ball 1-2: Fly out, F9 (Line Drive, 89M, EV 103.1 MPH)
|
|
Batting: SHB Joey Pacheco
|
0-0: Foul Ball, location: 2F 0-1: Called Strike 0-2: Ball 1-2: Strikes out swinging
|
|
Batting: LHB Austin Ohmer
|
0-0: SINGLE (Groundball, 56S, EV 70.0 MPH) (infield hit) Mark Marvin to second
|
|
Batting: LHB Steve Anderson
|
0-0: Fly out, F8 (Flyball, 8RXD, EV 90.0 MPH)
|
| Top of the 1st over - 0 runs, 1 hit, 0 errors, 2 left on base; Montreal 0 - Texas 0 |
| BOTTOM OF THE 1ST |
|
Texas Rangers batting - Pitching for Montreal Expos : RHP Steve Barrett
|
|
Pitching: RHP Steve Barrett
|
|
|
Batting: LHB Sean Geisler
|
0-0: Called Strike 0-1: Called Strike 0-2: SOLO HOME RUN (Flyball, 9LD, EV 97.5 MPH), Distance : 353 ft
|
|
Batting: SHB Rich Chavez
|
0-0: Ball 1-0: Swinging Strike 1-1: Ball 2-1: Ball 3-1: Foul Ball, location: 2F 3-2: Base on Balls
|
|
Batting: RHB Imbart Faber
|
0-0: Ball 1-0: Ball 2-0: Called Strike 2-1: Called Strike 2-2: Foul Ball, location: 2F 2-2: Foul Ball, location: 2F 2-2: SINGLE (Line Drive, 8RS, EV 106.2 MPH) Rich Chavez to second
|
|
Batting: SHB John Giesbrecht
|
0-0: Grounds out, U3 (Groundball, 3L, EV 85.6 MPH) Rich Chavez to third
|
|
Batting: RHB Blake Ballard
|
0-0: Ball 1-0: Ground out 6-3 (Groundball, 4M, EV 100.6 MPH) Rich Chavez scores Imbart Faber to third
|
|
Batting: LHB Jake Rheaume
|
0-0: Ball 1-0: TRIPLE (Line Drive, 89XD, EV 106.9 MPH) Imbart Faber scores
|
|
Batting: SHB Tony Prado
|
0-0: Hit by Pitch
|
|
Batting: RHB Hiroshige Yamada
|
0-0: Foul Ball, location: 2F 0-1: Swinging Strike 0-2: Ball 1-2: Foul Ball, location: 2F 1-2: Foul Ball, location: 2F 1-2: Foul Ball, location: 2F 1-2: Foul Ball, location: 2F 1-2: Ground out 4-3 (Groundball, 4, EV 91.9 MPH)
|
| Bottom of the 1st over - 3 runs, 3 hits, 0 errors, 2 left on base; Montreal 0 - Texas 3 |
| TOP OF THE 2ND |
|
Montreal Expos batting - Pitching for Texas Rangers : RHP Franz Holzknecht
|
|
Batting: RHB Jonathan Fraire
|
0-0: Called Strike 0-1: Foul Ball, location: 2F 0-2: Foul Ball, location: 2F 0-2: Ball 1-2: Strikes out looking
|
|
Batting: SHB Lou Kroneman
|
0-0: SINGLE (Line Drive, 56D, EV 99.4 MPH)
|
|
Batting: RHB John Ham
|
0-0: Fielders Choice at 2nd, 3-6 (Groundball, 3, EV 88.8 MPH)
|
|
Batting: RHB Tommy Mize
|
0-0: Ball 1-0: Ground out 4-3 (Groundball, 4, EV 105.6 MPH)
|
| Top of the 2nd over - 0 runs, 1 hit, 0 errors, 1 left on base; Montreal 0 - Texas 3 |
| BOTTOM OF THE 2ND |
|
Texas Rangers batting - Pitching for Montreal Expos : RHP Steve Barrett
|
|
Batting: SHB Vince Ealy
|
0-0: Ball 1-0: Ball 2-0: Ball 3-0: Base on Balls
|
|
Batting: LHB Sean Geisler
|
0-0: Swinging Strike 0-1: Foul Ball, location: 2F 0-2: Foul Ball, location: 2F 0-2: Strikes out looking
|
|
Batting: SHB Rich Chavez
|
0-0: Ball Vince Ealy steals 2nd, throwing error, E2 Vince Ealy to third 1-0: Swinging Strike 1-1: Foul Ball, location: 2F 1-2: Ball 2-2: Strikes out swinging
|
|
Batting: RHB Imbart Faber
|
0-0: Ball 1-0: Ball 2-0: Called Strike 2-1: SINGLE (Groundball, 4MD, EV 101.9 MPH) Vince Ealy scores
|
|
Batting: SHB John Giesbrecht
|
0-0: Ball 1-0: Ball 2-0: Fly out, F5 (Popup, 25F, EV 83.8 MPH)
|
| Bottom of the 2nd over - 1 run, 1 hit, 1 error, 1 left on base; Montreal 0 - Texas 4 |
| TOP OF THE 3RD |
|
Montreal Expos batting - Pitching for Texas Rangers : RHP Franz Holzknecht
|
|
Batting: LHB Mark Marvin
|
0-0: Ball 1-0: Called Strike 1-1: Foul Ball, location: 2F 1-2: SINGLE (Line Drive, 56D, EV 97.5 MPH)
|
|
Batting: RHB Steve French
|
0-0: Called Strike 0-1: Ball 1-1: Ball 2-1: Ball 3-1: Called Strike 3-2: DOUBLE (Line Drive, 8LXD, EV 99.4 MPH) Mark Marvin to third Mark Marvin scores
|
|
Batting: SHB Joey Pacheco
|
0-0: Ball 1-0: Called Strike 1-1: Ball 2-1: Ball 3-1: Swinging Strike 3-2: Foul Ball, location: 2F 3-2: Base on Balls
|
|
Batting: LHB Austin Ohmer
|
0-0: Foul Ball, location: 2F 0-1: Ball 1-1: Ball 2-1: Fly out, F7 (Flyball, 7D, EV 107.5 MPH) Runner from 2nd tags up, SAFE at 3rd, no throw by LF
|
|
Batting: LHB Steve Anderson
|
0-0: Ball Joey Pacheco is caught stealing 2nd base 2-6 1-0: Swinging Strike 1-1: Ground out 6-3 (Groundball, 6, EV 98.8 MPH)
|
| Top of the 3rd over - 1 run, 2 hits, 0 errors, 1 left on base; Montreal 1 - Texas 4 |
| BOTTOM OF THE 3RD |
|
Texas Rangers batting - Pitching for Montreal Expos : RHP Steve Barrett
|
|
Batting: RHB Blake Ballard
|
0-0: Ball 1-0: Called Strike 1-1: Foul Ball, location: 2F 1-2: Ball 2-2: Ball 3-2: Foul Ball, location: 2F 3-2: Base on Balls
|
|
Batting: LHB Jake Rheaume
|
0-0: Called Strike 0-1: Ball Wild Pitch! Blake Ballard to second 1-1: Foul Ball, location: 2F 1-2: Strikes out swinging
|
|
Batting: SHB Tony Prado
|
0-0: Ball 1-0: Ball 2-0: Foul Ball, location: 2F 2-1: Foul Ball, location: 2F 2-2: Ball 3-2: Base on Balls
|
|
Batting: RHB Hiroshige Yamada
|
0-0: Called Strike 0-1: Foul Ball, location: 2F 0-2: Grounds into double play, 6-4-3 (Groundball, 56, EV 102.5 MPH)
|
| Bottom of the 3rd over - 0 runs, 0 hits, 0 errors, 1 left on base; Montreal 1 - Texas 4 |
| TOP OF THE 4TH |
|
Montreal Expos batting - Pitching for Texas Rangers : RHP Franz Holzknecht
|
|
Batting: RHB Jonathan Fraire
|
0-0: Called Strike 0-1: SINGLE (Groundball, 34S, EV 73.1 MPH) (infield hit)
|
|
Batting: SHB Lou Kroneman
|
0-0: Ball Jonathan Fraire steals 2nd base 1-0: Ball Wild Pitch! Jonathan Fraire to third 2-0: Ball 3-0: Base on Balls
|
|
Batting: RHB John Ham
|
0-0: Ball 1-0: Ball 2-0: Swinging Strike 2-1: Foul Ball, location: 2F 2-2: Strikes out swinging
|
|
Batting: RHB Tommy Mize
|
0-0: Foul Ball, location: 2F 0-1: DOUBLE (Flyball, 89D, EV 100.0 MPH) Jonathan Fraire scores Lou Kroneman to third
|
|
Batting: LHB Mark Marvin
|
0-0: Called Strike 0-1: Ball 1-1: Swinging Strike 1-2: Foul Ball, location: 2F 1-2: Ball 2-2: Ball 3-2: SINGLE (Groundball, 23, EV 68.1 MPH) (infield hit)
|
|
Batting: RHB Steve French
|
0-0: Foul Ball, location: 2F 0-1: Swinging Strike 0-2: Strikes out swinging
|
|
Batting: SHB Joey Pacheco
|
0-0: Ball Wild Pitch! Lou Kroneman scores Tommy Mize to third Mark Marvin to second 1-0: Ball 2-0: Swinging Strike 2-1: Foul Ball, location: 2F 2-2: Strikes out looking
|
| Top of the 4th over - 2 runs, 3 hits, 0 errors, 2 left on base; Montreal 3 - Texas 4 |
| BOTTOM OF THE 4TH |
|
Texas Rangers batting - Pitching for Montreal Expos : RHP Steve Barrett
|
|
Batting: SHB Vince Ealy
|
0-0: Called Strike 0-1: Foul Ball, location: 2F 0-2: Ball 1-2: Fly out, F2 (Popup, 25F, EV 77.5 MPH)
|
|
Batting: LHB Sean Geisler
|
0-0: Fly out, F9 (Line Drive, 9, EV 100.0 MPH)
|
|
Batting: SHB Rich Chavez
|
0-0: Called Strike 0-1: Ball 1-1: Ball 2-1: DOUBLE (Line Drive, 89D, EV 100.0 MPH)
|
|
Batting: RHB Imbart Faber
|
0-0: Foul Ball, location: 2F 0-1: Ball 1-1: Called Strike 1-2: Foul Ball, location: 2F 1-2: Ball 2-2: Foul Ball, location: 2F 2-2: Strikes out swinging
|
| Bottom of the 4th over - 0 runs, 1 hit, 0 errors, 1 left on base; Montreal 3 - Texas 4 |
| TOP OF THE 5TH |
|
Montreal Expos batting - Pitching for Texas Rangers : RHP Franz Holzknecht
|
|
Batting: LHB Austin Ohmer
|
0-0: Foul Ball, location: 2F 0-1: Ball 1-1: Ball 2-1: Ball 3-1: Foul Ball, location: 2F 3-2: Foul Ball, location: 2F 3-2: Foul Ball, location: 2F 3-2: Fly out, F8 (Line Drive, 8LM, EV 92.5 MPH)
|
|
Batting: LHB Steve Anderson
|
0-0: Called Strike 0-1: SINGLE (Line Drive, 56D, EV 98.1 MPH)
|
|
Batting: RHB Jonathan Fraire
|
0-0: Called Strike 0-1: Fly out, F8 (Line Drive, 8LM, EV 98.8 MPH)
|
|
Batting: SHB Lou Kroneman
|
0-0: Ball 1-0: Ball 2-0: Foul Ball, location: 2F 2-1: Ground out 4-3 (Groundball, 4, EV 84.4 MPH)
|
| Top of the 5th over - 0 runs, 1 hit, 0 errors, 1 left on base; Montreal 3 - Texas 4 |
| BOTTOM OF THE 5TH |
|
Texas Rangers batting - Pitching for Montreal Expos : RHP Steve Barrett
|
|
Batting: SHB John Giesbrecht
|
0-0: Ball 1-0: Ball 2-0: Called Strike 2-1: Ball 3-1: Called Strike 3-2: Base on Balls
|
|
Batting: RHB Blake Ballard
|
0-0: Swinging Strike 0-1: Called Strike 0-2: Foul Ball, location: 2F 0-2: Strikes out looking
|
|
Batting: LHB Jake Rheaume
|
0-0: Called Strike 0-1: Foul Ball, location: 2F 0-2: Grounds into double play, 5-4-3 (Groundball, 56S, EV 85.6 MPH)
|
| Bottom of the 5th over - 0 runs, 0 hits, 0 errors, 0 left on base; Montreal 3 - Texas 4 |
| TOP OF THE 6TH |
|
Montreal Expos batting - Pitching for Texas Rangers : RHP Franz Holzknecht
|
|
Batting: RHB John Ham
|
0-0: Ball 1-0: Foul Ball, location: 2F 1-1: Swinging Strike 1-2: Ball 2-2: Foul Ball, location: 2F 2-2: Ball 3-2: Fly out, F8 (Flyball, 8RXD, EV 100.0 MPH)
|
|
Batting: RHB Tommy Mize
|
0-0: Fly out, F9 (Flyball, 89M, EV 90.6 MPH)
|
|
Batting: LHB Mark Marvin
|
0-0: Ball 1-0: Called Strike 1-1: Ball 2-1: Swinging Strike 2-2: Strikes out swinging
|
| Top of the 6th over - 0 runs, 0 hits, 0 errors, 0 left on base; Montreal 3 - Texas 4 |
| BOTTOM OF THE 6TH |
|
Texas Rangers batting - Pitching for Montreal Expos : RHP Steve Barrett
|
|
Batting: SHB Tony Prado
|
0-0: Called Strike 0-1: Ball 1-1: Swinging Strike 1-2: Foul Ball, location: 2F 1-2: Ball 2-2: Ball 3-2: Base on Balls
|
|
Pitching: LHP Kyle Schlosschlonghair
|
|
|
Batting: RHB Hiroshige Yamada
|
0-0: Foul Ball, location: 2F 0-1: Called Strike 0-2: Ball 1-2: Strikes out swinging
|
|
Batting: SHB Vince Ealy
|
0-0: Ball 1-0: Ball 2-0: Grounds into double play, 5-4-3 (Groundball, 56, EV 105.6 MPH)
|
| Bottom of the 6th over - 0 runs, 0 hits, 0 errors, 0 left on base; Montreal 3 - Texas 4 |
| TOP OF THE 7TH |
|
Montreal Expos batting - Pitching for Texas Rangers : RHP Franz Holzknecht
|
|
Pitching: RHP Gavin Nelson
|
|
|
Batting: RHB Steve French
|
0-0: SINGLE (Groundball, 5S, EV 68.1 MPH) (infield hit)
|
|
Batting: SHB Joey Pacheco
|
0-0: Called Strike 0-1: Ball 1-1: Foul Ball, location: 2F 1-2: Foul Ball, location: 2F 1-2: Ball 2-2: Foul Ball, location: 2F 2-2: Fly out, F9 (Flyball, 9D, EV 88.1 MPH)
|
|
Batting: LHB Austin Ohmer
|
0-0: Ball 1-0: Foul Ball, location: 2F 1-1: Called Strike 1-2: Foul Ball, location: 2F 1-2: Foul Ball, location: 2F 1-2: Ball 2-2: Foul Ball, location: 2F Pickoff Throw to First - Out! 1-3 2-2: Foul Ball, location: 2F 2-2: Ball 3-2: SOLO HOME RUN (Flyball, 8RXD, EV 98.1 MPH), Distance : 411 ft
|
|
Batting: LHB Steve Anderson
|
0-0: Ball 1-0: Swinging Strike 1-1: Foul Ball, location: 2F 1-2: Ball 2-2: SINGLE (Groundball, 5S, EV 74.4 MPH) (infield hit)
|
|
Batting: RHB Jonathan Fraire
|
0-0: Called Strike 0-1: Ball 1-1: Swinging Strike 1-2: Foul Ball, location: 2F 1-2: Strikes out swinging
|
| Top of the 7th over - 1 run, 3 hits, 0 errors, 1 left on base; Montreal 4 - Texas 4 |
| BOTTOM OF THE 7TH |
|
Texas Rangers batting - Pitching for Montreal Expos : LHP Kyle Schlosschlonghair
|
|
Batting: LHB Sean Geisler
|
0-0: Foul Ball, location: 2F 0-1: Foul Ball, location: 2F 0-2: Ball 1-2: Ball 2-2: Foul Ball, location: 2F 2-2: Ball 3-2: Base on Balls
|
|
Batting: SHB Rich Chavez
|
0-0: Called Strike 0-1: Called Strike Sean Geisler is caught stealing 2nd base 2-4 0-2: Ground out 6-3 (Groundball, 6, EV 97.5 MPH)
|
|
Batting: RHB Imbart Faber
|
0-0: Foul Ball, location: 2F 0-1: Ball 1-1: Swinging Strike 1-2: Strikes out swinging
|
| Bottom of the 7th over - 0 runs, 0 hits, 0 errors, 0 left on base; Montreal 4 - Texas 4 |
| TOP OF THE 8TH |
|
Montreal Expos batting - Pitching for Texas Rangers : RHP Gavin Nelson
|
|
Pitching: RHP Mike Webb
|
|
|
Batting: SHB Lou Kroneman
|
0-0: Ball 1-0: Foul Ball, location: 2F 1-1: Ball 2-1: Ball 3-1: Foul Ball, location: 2F 3-2: Foul Ball, location: 2F 3-2: Base on Balls
|
|
Pinch Hitting: LHB Bill McGregor
|
0-0: Called Strike 0-1: Ball 1-1: Swinging Strike 1-2: Strikes out swinging
|
|
Batting: RHB Tommy Mize
|
0-0: Ball 1-0: Ball 2-0: Foul Ball, location: 2F 2-1: Ground out 5-3 (Groundball, 56, EV 83.8 MPH) Lou Kroneman to second
|
|
Batting: LHB Mark Marvin
|
0-0: Called Strike 0-1: Foul Ball, location: 2F 0-2: 2-RUN HOME RUN (Flyball, 9LD, EV 92.5 MPH), Distance : 329 ft
|
|
Batting: RHB Steve French
|
0-0: Called Strike 0-1: Foul Ball, location: 2F 0-2: Ball 1-2: Fly out, F8 (Line Drive, 8RD, EV 86.2 MPH)
|
| Top of the 8th over - 2 runs, 1 hit, 0 errors, 0 left on base; Montreal 6 - Texas 4 |
| BOTTOM OF THE 8TH |
|
Texas Rangers batting - Pitching for Montreal Expos : LHP Kyle Schlosschlonghair
|
|
Pitching: RHP Nelson Dawson
|
|
|
Now at 2B: Danny Diaz
|
|
|
Now in LF: Bill McGregor
|
|
|
Batting: SHB John Giesbrecht
|
0-0: Ball 1-0: Ball 2-0: Called Strike 2-1: Ball 3-1: Base on Balls
|
|
Batting: RHB Blake Ballard
|
0-0: Grounds into double play, 6-4-3 (Groundball, 6, EV 82.5 MPH)
|
|
Batting: LHB Jake Rheaume
|
0-0: Foul Ball, location: 2F 0-1: SINGLE (Groundball, 6M, EV 103.1 MPH)
|
|
Batting: SHB Tony Prado
|
0-0: Called Strike 0-1: Ball 1-1: Swinging Strike 1-2: Strikes out swinging
|
| Bottom of the 8th over - 0 runs, 1 hit, 0 errors, 1 left on base; Montreal 6 - Texas 4 |
| TOP OF THE 9TH |
|
Montreal Expos batting - Pitching for Texas Rangers : RHP Mike Webb
|
|
Pitching: LHP Dylan Batstone
|
|
|
Batting: SHB Joey Pacheco
|
0-0: Reached on error, E2 (Groundball, 15S, EV 71.9 MPH)
|
|
Batting: LHB Austin Ohmer
|
0-0: Foul Ball, location: 2F 0-1: Foul Ball, location: 2F 0-2: Fly out, F8 (Flyball, 8RD, EV 100.6 MPH)
|
|
Batting: LHB Steve Anderson
|
0-0: Ball 1-0: Called Strike 1-1: Fly out, F7 (Flyball, 78S, EV 89.4 MPH)
|
|
Batting: RHB Jonathan Fraire
|
0-0: Called Strike 0-1: Called Strike 0-2: Foul Ball, location: 2F 0-2: Strikes out swinging
|
| Top of the 9th over - 0 runs, 0 hits, 1 error, 1 left on base; Montreal 6 - Texas 4 |
| BOTTOM OF THE 9TH |
|
Texas Rangers batting - Pitching for Montreal Expos : RHP Nelson Dawson
|
|
Pitching: RHP Jakub Kvacek
|
|
|
Batting: RHB Hiroshige Yamada
|
0-0: Foul Ball, location: 2F 0-1: Ground out 6-3 (Groundball, 6, EV 87.5 MPH)
|
|
Batting: SHB Vince Ealy
|
0-0: Ground out 6-3 (Groundball, 6, EV 89.4 MPH)
|
|
Batting: LHB Sean Geisler
|
0-0: Ground out 4-3 (Groundball, 4, EV 88.8 MPH)
|
| Bottom of the 9th over - 0 runs, 0 hits, 0 errors, 0 left on base; Montreal 6 - Texas 4 |
|